 Dungeon Crawl Stone Soup version 0.20.1-1-g8b1a95d (webtiles) character file.

7543 equalderp2856 the Cleaver (level 10, 0/135 HPs)
             Began as a Minotaur Fighter on Aug 4, 2017.
             Slain by a vampire (8 damage)
             ... on level 11 of the Dungeon.
             The game lasted 00:24:46 (8991 turns).

equalderp2856 the Cleaver (Minotaur Fighter)        Turns: 8991, Time: 00:24:47

Health: 0/135      AC: 25    Str: 21    XL:     10   Next: 96%
Magic:  9/9        EV:  2    Int:  4    God:
Gold:   370        SH: 17    Dex: 12    Spells: 9/9 levels left

rFire    . . .     SeeInvis .   a - +0 war axe
rCold    . . .     Gourm    .   o - +0 large shield
rNeg     + + +     Faith    .   (armour currently unavailable)
rPois    +         Spirit   .   (helmet currently unavailable)
rElec    .         Reflect  .   (cloak currently unavailable)
rCorr    .         Harm     .   (gloves currently unavailable)
MR       .....     NoTele   +   (boots currently unavailable)
Stlth    +.........             (no amulet)
Regen    0.4/turn               k - ring of wizardry
MPRegen  0.2/turn               W - -2 ring of intelligence (curse)

@: tree-form
A: (retaliatory headbutt)
a: no special abilities


You were on level 11 of the Dungeon.
You were very hungry.
You were a tree.
You visited 1 branch of the dungeon, and saw 10 of its levels.
You also visited: Sewer.

You collected 370 gold pieces.

Inventory:

Hand Weapons
 a - a +0 war axe (weapon)
 m - a +0 quarterstaff
 A - a +2 hunting sling of flaming
 N - a +0 whip of flaming
 P - a +0 trident
 R - a +5 spear of venom
 V - a +1 hand axe of freezing
Missiles
 b - 30 bolts
 h - 107 arrows
 F - 24 sling bullets
 Q - 3 tomahawks
 T - 34 stones (quivered)
Armour
 c - a +0 shield
 d - the +6 plate armour of the Saviour (melded) {+Inv Slay+2}
   (You found it on level 6 of the Dungeon)

   It affects your accuracy and damage with ranged weapons and melee attacks
   (+2).
   It lets you turn invisible.
 o - a +0 large shield (worn)
 L - a +2 hat (melded)
 M - a +0 plate armour
 S - a +0 robe
Jewellery
 k - a ring of wizardry (left branch)
 G - an uncursed ring of protection from magic {unknown}
 J - an uncursed ring of protection from cold
 W - a cursed -2 ring of intelligence (right branch)
 Z - a cursed amulet of inaccuracy
Wands
 r - a wand of lightning (9/15)
 E - a wand of iceblast (10/15)
 I - a wand of digging (12/24)
 Y - a wand of digging (6/24)
Scrolls
 l - a scroll of enchant armour {unknown}
 n - 8 scrolls of teleportation
 p - 3 scrolls of remove curse
 s - 2 scrolls of recharging {unknown}
 t - 6 scrolls of identify
 y - 2 scrolls of fog {unknown}
 B - 5 scrolls of enchant weapon {unknown}
 C - 4 scrolls of amnesia {unknown}
Potions
 e - a potion of magic {unknown}
 g - 3 potions of lignification
 i - a potion of curing
 j - 2 potions of mutation {unknown}
 u - a potion of berserk rage
 v - a potion of ambrosia {unknown}
 w - a potion of agility {unknown}
 z - 2 potions of brilliance {unknown}
 K - a potion of degeneration {unknown}
 U - 2 potions of haste {unknown}
Books
 H - a book of Power

   Spells                             Type                      Level
   a - Iskenderun's Battlesphere      Conjuration/Charms           5
   b - Venom Bolt                     Conjuration/Poison           5
   c - Bolt of Magma                  Conjuration/Fire/Earth       5
   d - Iron Shot                      Conjuration/Earth            6
   e - Orb of Destruction             Conjuration                  7
   f - Spellforged Servitor           Conjuration/Summoning        7
 O - the Incunabulum of the Sneaky Queens
   (You found it on level 7 of the Dungeon)

   Spells                             Type                      Level
   a - Sandblast                      Earth                        1
   b - Ozocubu's Armour               Charms/Ice                   3
   c - Summon Ice Beast               Ice/Summoning                4
Comestibles
 f - 9 bread rations
 q - 7 royal jellies
 D - 5 meat rations


   Skills:
 + Level 8.7 Fighting
 + Level 13.3 Axes
 + Level 8.6 Armour
 + Level 1.2 Dodging
 + Level 0.6 Stealth
 + Level 10.5 Shields


You had 9 spell levels left.
You didn't know any spells.

Dungeon Overview and Level Annotations

Branches:
Dungeon (9/15)             Temple (0/1) D:6
   Lair: D:8-11         Orc: D:9-12

Altars:
Hepliaklqana
Makhleb
Nemelex Xobeh
Xom
Yredelemnul
Zin

Shops:
D:5 [

Annotations:
D:2 1 runed door
D:9 Thaneod's ghost, novice MiBe


Innate Abilities, Weirdness & Mutations

((You reflexively headbutt those who attack you in melee.))
((You have a pair of horns on your head.))


Message History

The wyvern skeleton bites you but does no damage.
The adder bites you but does no damage.
The kobold demonologist mumbles some strange words.
Something hits you but does no damage. Something bites you but does no damage.
You block the purple ugly thing's attack.
The centaur warrior hits you but does no damage.
Unknown command.
Unknown command.
You hit the centaur warrior.
The centaur warrior is almost dead.
You hit something. You hit the purple ugly thing.
You slash the wyvern skeleton!
You hit the kobold demonologist but do no damage.
You slash the kobold demonologist! You hit the adder.
You block the wyvern skeleton's attack. You block the adder's attack.
The white imp summons a swarm of flies.
The centaur warrior hits you.
* * * LOW HITPOINT WARNING * * *
Something hits you!
You die...

##################
..................
.........(.5......
........(.........
.......n4.........
.....?c{u55.......
.(....K♣ZK..$.....
......SK).........
.......K..........
.......3.........
################


You could see a purple ugly thing, a centaur warrior, 2 kobold demonologists, a
neqoxec, a chaos spawn, a necrophage, 2 crimson imps, an adder, a white imp, 2
kobolds and a wyvern skeleton.

Vanquished Creatures
  Erolcha (D:9)
  2 two-headed ogres
  Pikel (D:7)
  Joseph (D:7)
  Sigmund (D:2)
  A yak (D:7)
  3 hogs (D:7)
  A human (D:7)
  Purgy (Sewer)
  2 orc warriors
  A black bear (D:8)
  3 ice beasts
  6 ogres
  5 centaurs
  A crocodile (D:7)
  4 bullfrogs
  A gnoll sergeant (D:7)
  2 scorpions
  2 bullfrog zombies
  3 centaur zombies
  3 jellies
  5 crimson imps
  A hound (D:8)
  2 bullfrog skeletons
  3 centaur skeletons (D:4)
  5 orc priests
  5 iguanas
  13 orc wizards
  3 worker ants
  A hound skeleton (D:5)
  A worker ant zombie (D:9)
  10 gnolls
  10 adders
  A river rat (D:3)
  2 shadow imps (D:5)
  An ooze (D:5)
  An adder zombie (D:8)
  3 worms
  A dart slug (D:1)
  A leopard gecko (D:9)
  31 orcs
  3 ball pythons
  3 giant cockroaches
  6 hobgoblins
  7 jackals
  3 quokkas
  6 bats
  8 frilled lizards
  5 goblins
  12 kobolds
  A quokka zombie (D:5)
  6 rats
205 creatures vanquished.

Vanquished Creatures (others)
  A slave (D:7)
  A scorpion (D:7)
  2 gnolls (D:7)
  3 orcs (D:7)
7 creatures vanquished.

Grand Total: 212 creatures vanquished

Notes
Turn   | Place    | Note
-------+----------+-------------------------------------------
     0 | D:1      | equalderp2856 the Minotaur Fighter began the quest for the Orb.
     0 | D:1      | Reached XP level 1. HP: 19/19 MP: 0/0
   183 | D:1      | Reached XP level 2. HP: 26/27 MP: 1/1
   779 | D:2      | Reached XP level 3. HP: 24/34 MP: 2/2
   928 | D:2      | Noticed Sigmund
   985 | D:3      | Reached skill level 3 in Axes
  1239 | D:3      | Found a glowing drain.
  1310 | Sewer    | Entered a sewer
  1318 | Sewer    | Reached XP level 4. HP: 37/41 MP: 3/3
  1556 | Sewer    | Noticed Purgy
  1561 | Sewer    | Killed Purgy
  1561 | Sewer    | Reached skill level 5 in Fighting
  1561 | Sewer    | Reached skill level 4 in Axes
  1561 | Sewer    | Reached XP level 5. HP: 48/48 MP: 4/4
  2338 | D:4      | Reached skill level 5 in Axes
  2371 | D:4      | Reached XP level 6. HP: 46/56 MP: 5/5
  2372 | D:4      | Reached skill level 5 in Armour
  2567 | D:4      | Found a basalt altar of Yredelemnul.
  2842 | D:2      | Found a runed door.
  2870 | D:2      | Killed Sigmund
  2870 | D:2      | Reached skill level 6 in Axes
  2870 | D:2      | Reached XP level 7. HP: 50/61 MP: 6/6
  4004 | D:5      | Entered Level 5 of the Dungeon
  4174 | D:5      | Paralysed by fainting for 6 turns
  4190 | D:5      | Found Luis Qeg's Armour Emporium.
  4197 | D:5      | Reached skill level 7 in Axes
  4387 | D:6      | Reached skill level 5 in Shields
  4679 | D:6      | Reached XP level 8. HP: 37/70 MP: 7/7
  4919 | D:6      | Found a staircase to the Ecumenical Temple.
  5109 | D:5      | Reached skill level 8 in Axes
  5464 | D:5      | Reached skill level 9 in Axes
  6651 | D:6      | Got a translucent plate armour
  6662 | D:6      | Identified the +6 plate armour of the Saviour {+Inv Slay+2} (You found it on level 6 of the Dungeon)
  6967 | D:7      | Found a shimmering altar of Xom.
  6974 | D:7      | Noticed Joseph
  6979 | D:7      | Reached XP level 9. HP: 60/78 MP: 8/8
  6991 | D:7      | Killed Joseph
  6991 | D:7      | Reached skill level 10 in Axes
  7257 | D:7      | Reached skill level 1 in Dodging
  7340 | D:7      | Noticed Pikel
  7386 | D:7      | Killed Pikel
  7386 | D:7      | Reached skill level 11 in Axes
  7698 | D:7      | Identified the Incunabulum of the Sneaky Queens
  7944 | D:8      | Noticed a two-headed ogre
  7965 | D:7      | Killed a two-headed ogre
  7965 | D:7      | Reached XP level 10. HP: 60/88 MP: 9/9
  8144 | D:8      | Noticed a two-headed ogre
  8156 | D:8      | Killed a two-headed ogre
  8156 | D:8      | Reached skill level 12 in Axes
  8415 | D:8      | Found a burning altar of Makhleb.
  8668 | D:8      | Found a glowing silver altar of Zin.
  8669 | D:8      | Found a sparkling altar of Nemelex Xobeh.
  8670 | D:8      | Found a hazy altar of Hepliaklqana.
  8754 | D:9      | Noticed Thaneod's ghost (novice MiBe)
  8823 | D:9      | Reached skill level 10 in Shields
  8926 | D:9      | Noticed Erolcha
  8937 | D:9      | Killed Erolcha
  8937 | D:9      | Reached skill level 13 in Axes
  8964 | D:9      | You fall through a shaft for 2 floors!
  8964 | D:11     | Noticed a purple ugly thing
  8964 | D:11     | Noticed a centaur warrior
  8986 | D:11     | HP: 2/135 [centaur warrior (7)]
  8991 | D:11     | Slain by a vampire

Skill      XL: |  1  2  3  4  5  6  7  8  9 10 |
---------------+-------------------------------+-----
Fighting       | 4 5 6 7 8 |  8.7
Armour         | 4 5 7 8 |  8.6
Axes           | 3 4 5 6 7 9 11 13 | 13.3
Shields        | 4 5 7 9 10 | 10.5
Dodging        | 1 |  1.2
Stealth        | |  0.6

Action                   |  1- 3 |  4- 6 |  7- 9 | 10-12 || total
-------------------------+-------+-------+-------+-------++-------
Melee: War axe           |    71 |    73 |   313 |   118 ||   575
       Headbutt          |    10 |    13 |    60 |    29 ||   112
       Hand axe          |       |       |     5 |       ||     5
  Use: Potion            |       |     3 |       |     9 ||    12
       Scroll            |       |     4 |       |     1 ||     5
 Stab: Distracted        |       |       |     1 |       ||     1
  Eat: Chunk             |       |     6 |    14 |     3 ||    23
       Royal jelly       |       |       |     1 |       ||     1
Armor: Scale mail        |    25 |    10 |       |       ||    35
       Chain mail        |       |    31 |    10 |       ||    41
       Plate armour      |       |       |   136 |    65 ||   201
       Skin              |       |       |       |    55 ||    55
Dodge: Dodged            |    29 |    16 |    27 |    22 ||    94
Block: Shield            |    31 |    35 |     8 |       ||    74
       Large shield      |       |       |   222 |   135 ||   357
